PUBA
LONDON METS @ MANITOU LAKERS
07/19/1972
 
TOP OF THE 1ST
London Mets batting - Pitching for Manitou Lakers : RHP Del Browning
Pitching: RHP Del Browning
Batting: RHB Louis Wheeler 0-0: Called Strike
0-1: Swinging Strike
0-2: Foul Ball, location: 2F
0-2: Ball
1-2: Ball
2-2: Ball
3-2: Foul Ball, location: 25FF
3-2: Base on Balls
Batting: RHB Perry Butler 0-0: Ball
1-0: Ball
2-0: Called Strike
2-1: Ground out U3 (Groundball, 3S, EV 71.9 MPH)
Louis Wheeler to second
Batting: LHB Ken Williams 0-0: Ball
Louis Wheeler is caught stealing 3rd base 2-5
1-0: Called Strike
1-1: Ball
2-1: Foul Ball, location: 2F
2-2: Foul Ball, location: 2F
2-2: Ball
3-2: DOUBLE (Line Drive, 7LM, EV 91.3 MPH)
Batting: RHB Carlos Moya 0-0: Swinging Strike
0-1: SINGLE (Groundball, P, EV 80.0 MPH) (infield hit)
Ken Williams to third
Batting: LHB John Sinclair 0-0: Hit by Pitch
Carlos Moya to second
Batting: LHB Masazumi Matsumoto 0-0: Called Strike
0-1: Swinging Strike
0-2: SINGLE (Line Drive, 89S, EV 88.8 MPH)
Ken Williams scores
Carlos Moya to third
John Sinclair to second
Runner from 3rd tries for Home, SAFE, throw by RF to home
Batting: LHB Jim Nettles 0-0: Called Strike
0-1: Fly out, F9 (Flyball, 9, EV 90.6 MPH)
Top of the 1st over - 2 runs, 3 hits, 0 errors, 2 left on base; London 2 - Manitou 0
BOTTOM OF THE 1ST
Manitou Lakers batting - Pitching for London Mets : LHP Wayne Manuel
Pitching: LHP Wayne Manuel
Batting: LHB Willie Towns 0-0: Swinging Strike
0-1: Ball
1-1: Fly out, F6 (Popup, 6MD, EV 55.6 MPH)
Batting: RHB Nick Townsend 0-0: Swinging Strike
0-1: Ball
1-1: Called Strike
1-2: Ball
2-2: Fly out, F6 (Popup, 6M, EV 52.5 MPH)
Batting: RHB Jim Mason 0-0: Foul Ball, location: 5FF
0-1: Ball
1-1: Ball
2-1: Foul Ball, location: 9LDF
2-2: Fly out, F8 (Flyball, 8RD, EV 94.4 MPH)
Bottom of the 1st over - 0 runs, 0 hits, 0 errors, 0 left on base; London 2 - Manitou 0
TOP OF THE 2ND
London Mets batting - Pitching for Manitou Lakers : RHP Del Browning
Batting: RHB Josh McCrory 0-0: SINGLE (Line Drive, 9S, EV 89.4 MPH)
Batting: RHB Marty Francis 0-0: Ball
1-0: Ball
2-0: SINGLE (Flyball, 5D, EV 92.5 MPH)
Josh McCrory to second
Batting: RHB Louis Wheeler 0-0: Ball
1-0: Bunted foul
1-1: Sac Bunt to 23 - play at first, batter OUT! 3-4
Josh McCrory to third
Marty Francis to second
Batting: RHB Perry Butler 0-0: Called Strike
0-1: Ball
1-1: Foul Ball, location: 5DF
1-2: Foul Ball, location: 2F
1-2: Foul Ball, location: 9LSFF
1-2: Fly out, F9 (Flyball, 89D, EV 103.8 MPH)
Runner from 3rd tags up, SCORES, throw by RF
Marty Francis to third
Batting: LHB Ken Williams 0-0: 2-RUN HOME RUN (Flyball, 7D, EV 94.4 MPH), Distance : 375 ft
Batting: RHB Carlos Moya 0-0: Called Strike
0-1: Ball
1-1: Ball
2-1: Ground out 5-3 (Groundball, 56, EV 85.6 MPH)
Top of the 2nd over - 3 runs, 3 hits, 0 errors, 0 left on base; London 5 - Manitou 0
BOTTOM OF THE 2ND
Manitou Lakers batting - Pitching for London Mets : LHP Wayne Manuel
Batting: RHB Stu Riley 0-0: Ball
1-0: Foul Ball, location: 2F
1-1: Foul Ball, location: 9LMF
1-2: Strikes out swinging
Batting: RHB Harvey Walker 0-0: Called Strike
0-1: Swinging Strike
0-2: Ball
1-2: Foul Ball, location: 3SF
1-2: Ball
2-2: Ball
3-2: Foul Ball, location: 9LDF
3-2: Strikes out looking
Batting: RHB Dwight Evans 0-0: Ball
1-0: Ball
2-0: Ball
3-0: Called Strike
3-1: Base on Balls
Batting: SHB Floyd Wilson 0-0: Called Strike
0-1: Ball
1-1: Ball
2-1: Ball
3-1: Fielders Choice at 2nd, 5-4 (Groundball, 5L, EV 85.6 MPH)
Bottom of the 2nd over - 0 runs, 0 hits, 0 errors, 1 left on base; London 5 - Manitou 0
TOP OF THE 3RD
London Mets batting - Pitching for Manitou Lakers : RHP Del Browning
Batting: LHB John Sinclair 0-0: Ball
1-0: Fly out, F8 (Flyball, 78D, EV 85.0 MPH)
Batting: LHB Masazumi Matsumoto 0-0: Ball
1-0: Ball
2-0: Ball
3-0: Foul Ball, location: 23FF
3-1: Fly out, F5 (Popup, 5S, EV 85.0 MPH)
Batting: LHB Jim Nettles 0-0: Ball
1-0: Foul Ball, location: 2F
1-1: Fly out, F8 (Flyball, 89M, EV 79.4 MPH)
Top of the 3rd over - 0 runs, 0 hits, 0 errors, 0 left on base; London 5 - Manitou 0
BOTTOM OF THE 3RD
Manitou Lakers batting - Pitching for London Mets : LHP Wayne Manuel
Batting: RHB Fernando Guillén 0-0: Ball
1-0: Called Strike
1-1: Foul Ball, location: 2F
1-2: Ball
2-2: Ground out U3 (Groundball, 34, EV 100.6 MPH)
Batting: RHB Alonso Magana 0-0: Called Strike
0-1: Ball
1-1: Called Strike
1-2: Foul Ball, location: 9LMF
1-2: Strikes out swinging
Batting: LHB Willie Towns 0-0: Ball
1-0: Called Strike
1-1: Swinging Strike
1-2: Ball
2-2: Ball
3-2: Strikes out swinging
Bottom of the 3rd over - 0 runs, 0 hits, 0 errors, 0 left on base; London 5 - Manitou 0
TOP OF THE 4TH
London Mets batting - Pitching for Manitou Lakers : RHP Del Browning
Batting: RHB Josh McCrory 0-0: Called Strike
0-1: Called Strike
0-2: Ball
1-2: Foul Ball, location: 25F
1-2: Ball
2-2: Strikes out looking
Batting: RHB Marty Francis 0-0: Foul Ball, location: 2F
0-1: SINGLE (Line Drive, 9S, EV 97.5 MPH)
Pitching: LHP Casper Olsen
Batting: RHB Louis Wheeler 0-0: Foul Ball, location: 2LF
0-1: Foul Ball, location: 2F
0-2: Strikes out looking
Batting: RHB Perry Butler 0-0: Swinging Strike
0-1: SINGLE (Line Drive, 8LS, EV 106.3 MPH)
Marty Francis to second
Batting: LHB Ken Williams 0-0: Ball
1-0: Ball
2-0: Called Strike
2-1: Foul Ball, location: 25F
2-2: Strikes out swinging
Top of the 4th over - 0 runs, 2 hits, 0 errors, 2 left on base; London 5 - Manitou 0
BOTTOM OF THE 4TH
Manitou Lakers batting - Pitching for London Mets : LHP Wayne Manuel
Batting: RHB Nick Townsend 0-0: Called Strike
0-1: Foul Ball, location: 9LMF
0-2: Ground out 5-3 (Groundball, 56, EV 87.5 MPH)
Batting: RHB Jim Mason 0-0: Ball
1-0: Swinging Strike
1-1: Ball
2-1: Ball
3-1: Base on Balls
Batting: RHB Stu Riley 0-0: Called Strike
0-1: Called Strike
0-2: Foul Ball, location: 2F
0-2: Ball
1-2: Strikes out swinging
Batting: RHB Harvey Walker 0-0: Called Strike
0-1: Ball
1-1: Foul Ball, location: 23FF
1-2: SINGLE (Line Drive, 5D, EV 106.3 MPH)
Jim Mason to second
Batting: RHB Dwight Evans 0-0: Ball
1-0: Ball
2-0: Called Strike
2-1: Ball
3-1: Base on Balls
Jim Mason to third
Harvey Walker to second
Batting: SHB Floyd Wilson 0-0: Called Strike
0-1: Called Strike
0-2: Ball
1-2: Strikes out swinging
Bottom of the 4th over - 0 runs, 1 hit, 0 errors, 3 left on base; London 5 - Manitou 0
TOP OF THE 5TH
London Mets batting - Pitching for Manitou Lakers : LHP Casper Olsen
Batting: RHB Carlos Moya 0-0: Called Strike
0-1: Foul Ball, location: 2F
0-2: Ball
1-2: SINGLE (Groundball, 4MD, EV 101.9 MPH)
Batting: LHB John Sinclair 0-0: Called Strike
0-1: Ball
1-1: Foul Ball, location: 2F
1-2: Foul Ball, location: 5F
1-2: SINGLE (Line Drive, 56D, EV 97.5 MPH)
Carlos Moya to second
Batting: LHB Masazumi Matsumoto 0-0: Called Strike
0-1: Ball
1-1: Swinging Strike
1-2: Ball
2-2: Strikes out swinging
Batting: LHB Jim Nettles 0-0: Reached on error, E1 (Groundball, 15S, EV 63.1 MPH)
Carlos Moya to third
John Sinclair to second
Batting: RHB Josh McCrory 0-0: Fly out, F8 (Flyball, 8LM, EV 92.5 MPH)
Runner from 3rd tags up, SCORES, throw by CF
Batting: RHB Marty Francis 0-0: Ground out U3 (Groundball, 3S, EV 71.3 MPH)
Top of the 5th over - 1 run, 2 hits, 1 error, 2 left on base; London 6 - Manitou 0
BOTTOM OF THE 5TH
Manitou Lakers batting - Pitching for London Mets : LHP Wayne Manuel
Batting: RHB Fernando Guillén 0-0: Ball
1-0: Ball
2-0: Called Strike
2-1: Ball
3-1: Ground out 5-3 (Groundball, 56S, EV 90.0 MPH)
Batting: RHB Alonso Magana 0-0: Ball
1-0: SINGLE (Line Drive, 8RS, EV 106.3 MPH)
Batting: LHB Willie Towns 0-0: Ball
Alonso Magana is caught stealing 2nd base 2-6
1-0: Fly out, F9 (Flyball, 9S, EV 95.6 MPH)
Bottom of the 5th over - 0 runs, 1 hit, 0 errors, 0 left on base; London 6 - Manitou 0
TOP OF THE 6TH
London Mets batting - Pitching for Manitou Lakers : LHP Casper Olsen
Batting: RHB Louis Wheeler 0-0: SINGLE (Groundball, 6MD, EV 99.4 MPH)
Batting: RHB Perry Butler 0-0: Ball
1-0: Foul Ball, location: 7LSF
1-1: Fly out, F9 (Flyball, 9LD, EV 104.4 MPH)
Batting: LHB Ken Williams 0-0: Ball
1-0: Ball
2-0: Foul Ball, location: 23FF
2-1: Ball
3-1: Swinging Strike
3-2: SINGLE (Line Drive, 7S, EV 103.1 MPH)
Louis Wheeler to second
Batting: RHB Carlos Moya 0-0: Swinging Strike
0-1: Swinging Strike
0-2: Ball
1-2: Ball
2-2: Ball
3-2: Base on Balls
Louis Wheeler to third
Ken Williams to second
Batting: LHB John Sinclair 0-0: Fly out, F9 (Line Drive, 89M, EV 89.4 MPH)
Runner from 3rd tags up, SCORES, throw by RF
Ken Williams to third
Batting: LHB Masazumi Matsumoto 0-0: Ball
1-0: Ball
2-0: Called Strike
2-1: Fly out, F8 (Flyball, 78M, EV 97.5 MPH)
Top of the 6th over - 1 run, 2 hits, 0 errors, 2 left on base; London 7 - Manitou 0
BOTTOM OF THE 6TH
Manitou Lakers batting - Pitching for London Mets : LHP Wayne Manuel
Batting: RHB Nick Townsend 0-0: Called Strike
0-1: Ball
1-1: Called Strike
1-2: Ground out 5-3 (Groundball, 56, EV 86.9 MPH)
Batting: RHB Jim Mason 0-0: Ground out 6-3 (Groundball, 6, EV 102.5 MPH)
Batting: RHB Stu Riley 0-0: Ball
1-0: SINGLE (Flyball, 9LS, EV 96.9 MPH)
Batting: RHB Harvey Walker 0-0: Called Strike
0-1: Ball
1-1: Ball
2-1: Ball
3-1: Base on Balls
Stu Riley to second
Batting: RHB Dwight Evans 0-0: Called Strike
0-1: Foul Ball, location: 2RF
0-2: Foul Ball, location: 25FF
0-2: Strikes out swinging
Bottom of the 6th over - 0 runs, 1 hit, 0 errors, 2 left on base; London 7 - Manitou 0
TOP OF THE 7TH
London Mets batting - Pitching for Manitou Lakers : LHP Casper Olsen
Batting: LHB Jim Nettles 0-0: Ball
1-0: Swinging Strike
1-1: Ball
2-1: Ball
3-1: Base on Balls
Pitching: RHP Roger Berry
Batting: RHB Josh McCrory 0-0: Ball
1-0: Called Strike
1-1: Ball
2-1: Foul Ball, location: 2F
2-2: SINGLE (Groundball, 34D, EV 104.4 MPH)
Jim Nettles to second
Runner from 2nd tries for 3rd, SAFE, throw by RF made to third
Batting: RHB Marty Francis 0-0: Called Strike
0-1: SINGLE (Line Drive, 89M, EV 104.4 MPH)
Jim Nettles scores
Josh McCrory to second
Batting: RHB Louis Wheeler 0-0: Ball
1-0: Ball
2-0: Foul Ball, location: 2F
2-1: Swinging Strike
2-2: Ball
3-2: Fielders Choice at 2nd, 4-6 (Groundball, 4M, EV 78.8 MPH)
Josh McCrory to third
Batting: RHB Perry Butler 0-0: Swinging Strike
0-1: Reached on error, E6 (Groundball, 6, EV 84.4 MPH)
Josh McCrory scores
Louis Wheeler to second
Pinch Hitting: SHB José Lara 0-0: Ball
1-0: Foul Ball, location: 5FF
1-1: Fly out, F7 (Flyball, 78M, EV 100.0 MPH)
Batting: RHB Carlos Moya 0-0: Ball
1-0: Fly out, F8 (Line Drive, 8LD, EV 96.9 MPH)
Top of the 7th over - 2 runs, 2 hits, 1 error, 2 left on base; London 9 - Manitou 0
BOTTOM OF THE 7TH
Manitou Lakers batting - Pitching for London Mets : LHP Wayne Manuel
Now at 1B: José Lara
Batting: SHB Floyd Wilson 0-0: Ball
1-0: Ball
2-0: Called Strike
2-1: Foul Ball, location: 3F
2-2: Foul Ball, location: 5DF
2-2: SINGLE (Line Drive, 3D, EV 103.8 MPH)
Batting: RHB Fernando Guillén 0-0: Ball
1-0: Foul Ball, location: 3DF
1-1: Called Strike
1-2: Strikes out swinging
Batting: RHB Alonso Magana 0-0: Called Strike
Floyd Wilson steals 2nd base (no throw)
0-1: DOUBLE (Groundball, 5L, EV 101.3 MPH)
Floyd Wilson scores
Pitching: RHP Greg Taylor
Batting: LHB Willie Towns 0-0: Called Strike
0-1: Ball
1-1: Ball
2-1: Swinging Strike
2-2: Foul Ball, location: 2F
2-2: Strikes out swinging
Batting: RHB Nick Townsend 0-0: Ball
1-0: Ball
2-0: Ground out 6-3 (Groundball, 6, EV 78.8 MPH)
Bottom of the 7th over - 1 run, 2 hits, 0 errors, 1 left on base; London 9 - Manitou 1
TOP OF THE 8TH
London Mets batting - Pitching for Manitou Lakers : RHP Roger Berry
Batting: LHB John Sinclair 0-0: Fly out, F8 (Flyball, 8LD, EV 96.9 MPH)
Batting: LHB Masazumi Matsumoto 0-0: Ball
1-0: Foul Ball, location: 2RF
1-1: Swinging Strike
1-2: Ball
2-2: Strikes out swinging
Batting: LHB Jim Nettles 0-0: Ball
1-0: Ball
2-0: Swinging Strike
2-1: Swinging Strike
2-2: Ball
3-2: DOUBLE (Line Drive, 7D, EV 86.3 MPH) - OUT at third base trying to stretch hit.
Top of the 8th over - 0 runs, 1 hit, 0 errors, 0 left on base; London 9 - Manitou 1
BOTTOM OF THE 8TH
Manitou Lakers batting - Pitching for London Mets : RHP Greg Taylor
Batting: RHB Jim Mason 0-0: Ball
1-0: Foul Ball, location: 2LF
1-1: Called Strike
1-2: Ball
2-2: Foul Ball, location: 3F
2-2: Ball
3-2: Foul Ball, location: 7LMFF
3-2: Base on Balls
Pinch Hitting: LHB Vern Stone 0-0: Swinging Strike
0-1: Swinging Strike
0-2: Foul Ball, location: 2F
0-2: Ball
1-2: 2-RUN HOME RUN (Flyball, 78XD, EV 99.4 MPH), Distance : 410 ft
Batting: RHB Harvey Walker 0-0: Ball
1-0: Swinging Strike
1-1: Foul Ball, location: 5FF
1-2: Fly out, F9 (Line Drive, 9, EV 102.5 MPH)
Batting: RHB Dwight Evans 0-0: Called Strike
0-1: Called Strike
0-2: Foul Ball, location: 9LDF
0-2: DOUBLE (Flyball, 89D, EV 95.0 MPH)
Batting: SHB Floyd Wilson 0-0: Ball
1-0: Ball
2-0: Ball
3-0: Called Strike
3-1: Foul Ball, location: 2F
3-2: SINGLE (Groundball, 6MD, EV 99.4 MPH)
Dwight Evans to third
Batting: RHB Fernando Guillén 0-0: Foul Ball, location: 2F
0-1: Grounds into double play, 5-4-3 (Groundball, 56S, EV 84.4 MPH)
Bottom of the 8th over - 2 runs, 3 hits, 0 errors, 1 left on base; London 9 - Manitou 3
TOP OF THE 9TH
London Mets batting - Pitching for Manitou Lakers : RHP Roger Berry
Now in LF: Vern Stone
Batting: RHB Josh McCrory 0-0: Called Strike
0-1: Called Strike
0-2: Ground out 6-3 (Groundball, 6M, EV 88.8 MPH)
Batting: RHB Marty Francis 0-0: Foul Ball, location: 2F
0-1: Fly out, F7 (Flyball, 7, EV 91.3 MPH)
Batting: RHB Louis Wheeler 0-0: Fly out, F9 (Flyball, 9S, EV 92.5 MPH)
Top of the 9th over - 0 runs, 0 hits, 0 errors, 0 left on base; London 9 - Manitou 3
BOTTOM OF THE 9TH
Manitou Lakers batting - Pitching for London Mets : RHP Greg Taylor
Batting: RHB Alonso Magana 0-0: Called Strike
0-1: Ball
1-1: Fly out, F8 (Flyball, 89D, EV 106.3 MPH)
Batting: LHB Willie Towns 0-0: Ball
1-0: Ball
2-0: Ground out U3 (Groundball, 3, EV 81.3 MPH)
Batting: RHB Nick Townsend 0-0: Ball
1-0: Called Strike
1-1: Ball
2-1: Ball
3-1: Fly out, F8 (Flyball, 8RD, EV 110.6 MPH)
Bottom of the 9th over - 0 runs, 0 hits, 0 errors, 0 left on base; London 9 - Manitou 3
Thursday, April 11th , 2024 - OOTP Baseball 24.8 Build 75